 Dungeon Sprint DCSS version 0.16.2-14-g7133f4a77c (webtiles) character file.

7908 alasdair19 the Hoplite (level 11, -6/157 HPs)
             Began as a Minotaur Fighter on Jan 28, 2022.
             Mangled by a spriggan berserker
             ... wielding a +0 war axe
              (26 damage)
             ... in the Dungeon (Sprint V: "Ziggurat Sprint") on Feb 4, 2022.
             The game lasted 00:17:42 (1126 turns).

alasdair19 the Hoplite (Minotaur Fighter)           Turns: 1126, Time: 00:17:42

Health: -6/157     AC: 34    Str: 35    XL:     11   Next: 2%
Magic:  0/0        EV:  6    Int: 12    God:
Gold:   0          SH: 29    Dex: 19    Spells: 0 memorised, 10 levels left

rFire  + + .     SeeInvis .     O - +8 lance "Wyrmbane" {slay drac, +Rage rPois rF+ AC+5}
rCold  + . .     Clarity  +     L - +9 gold dragon armour
rNeg   . . .     SustAb   .     K - +3 large shield
rPois  +         Gourm    .     (helmet restricted)
rElec  .         Spirit   .     R - +0 cloak {+Inv}
rCorr  .         Warding  .     (no gloves)
rMut   .         NoTele   +     (no boots)
MR     .....                    Y - amulet of clarity
Stlth  ..........               E - +6 ring of strength
                                S - ring of Irisch {+Fly MP-9 Int+7 Dex+9}

@: berserking (expiring), very quick, not resistant to hostile enchantments,
extremely unstealthy
A: retaliatory headbutt, horns 2
a: Evoke Berserk Rage, Evoke Invisibility, Evoke Flight


You were in the Dungeon.
You were not hungry.

You visited 1 branch

Inventory:

Hand weapons
 O - the +8 lance "Wyrmbane" (weapon) {slay drac, +Rage rPois rF+ AC+5}
   (You found it in the Dungeon)

   It affects your AC (+5).
   It protects you from fire.
   It protects you from poison.
   It lets you go berserk.
 Q - the +8 hunting sling of Fundamental Breach {velocity, rC+ Dex+3}
   (You found it in the Dungeon)

   Any stone fired from it inflicts extra damage.
   It affects your dexterity (+3).
   It protects you from cold.
Armour
 K - a +3 large shield (worn)
 L - a +9 gold dragon armour (worn)
 R - a +0 cloak of invisibility (worn)
Jewellery
 b - the ring of Abbic {rF+ Str+4 Int+3}
   (You found it in the Dungeon)

   [ring of protection from fire]

   It affects your strength (+4).
   It affects your intelligence (+3).
   It protects you from fire.
 c - an uncursed ring of stealth
 y - a +6 ring of dexterity
 B - a +6 ring of dexterity
 C - a +6 ring of intelligence
 D - a +6 ring of intelligence
 E - a +6 ring of strength (right hand)
 F - a +6 ring of strength
 M - an uncursed amulet of regeneration
 S - the ring of Irisch (left hand) {+Fly MP-9 Int+7 Dex+9}
   (You found it in the Dungeon)

   [ring of flight]

   It affects your intelligence (+7).
   It affects your dexterity (+9).
   It affects your magic capacity (-9).
   It lets you fly.
 U - the ring "Ozeupsicia" {Ice -Tele Dex+4}
   (You found it in the Dungeon)

   [ring of ice]

   It enhances your ice magic, and weakens your fire magic.
   It affects your dexterity (+4).
   It makes you vulnerable to fire.
   It protects you from cold.
   It prevents most forms of teleportation.
 X - the ring "Zaedos" {Str+7 Slay-3 SInv}
   (You found it in the Dungeon)

   [ring of see invisible]

   It affects your strength (+7).
   It affects your accuracy and damage with ranged weapons and melee attacks
   (-3).
   It enhances your eyesight.
 Y - an amulet of clarity (around neck)
 Z - an uncursed ring of protection from fire
Magical devices
 G - a wand of disintegration (7)
 H - a wand of fire (5)
 I - a wand of cold (4)
 J - a wand of draining (5)
Scrolls
 k - 4 scrolls of blinking
 r - 4 scrolls of amnesia
 s - 3 scrolls of recharging
 t - 8 scrolls of fog
 u - a scroll of holy word
 v - 5 scrolls of identify
 w - 5 scrolls of remove curse
 x - 2 scrolls of fear
Potions
 e - 6 potions of might
 f - 10 potions of curing
 g - 10 potions of heal wounds
 h - 6 potions of haste
 i - 7 potions of magic
 j - 3 potions of berserk rage
 l - 2 potions of brilliance
 m - 2 potions of invisibility
 n - 2 potions of restore abilities
 o - 4 potions of resistance
 p - a potion of experience
 q - 5 potions of agility
Miscellaneous
 a - a plain deck of summoning
 P - a disc of storms
 T - a disc of storms
 V - a lamp of fire
 W - a stone of tremors
Comestibles
 d - 5 bread rations
 z - 41 fruits
 A - 3 meat rations


   Skills:
 + Level 12.6 Fighting
 + Level 12.1 Polearms
 + Level 13.2 Armour
 + Level 21.5 Shields
 + Level 2.3 Evocations


You had 10 spell levels left.
You didn't know any spells.

Dungeon Overview and Level Annotations

Branches:
Dungeon (1/1)

Altars:
Ashenzari
Cheibriados
Dithmenos
Elyvilon
Fedhas
Gozag
Kikubaaqudgha
Makhleb
Nemelex Xobeh
Okawaru
Qazlal
Ru
Sif Muna
Trog
Vehumet
Xom
Yredelemnul
Zin
The Shining One
Beogh
Jiyva
Lugonu


Innate Abilities, Weirdness & Mutations

You reflexively headbutt those who attack you in melee.
You have a pair of horns on your head.


Message History

You hit the shambling mangrove. You headbutt the shambling mangrove.
The shambling mangrove is severely damaged.
The polar bear bites you.
* * * LOW HITPOINT WARNING * * *
You block the polar bear's attack. x2
You block the spriggan berserker's attack.
You puncture the shambling mangrove!
You headbutt the shambling mangrove, but do no damage.
The shambling mangrove is almost destroyed.
You block the polar bear's attack. x2
The polar bear claws you but does no damage.
You hit the shambling mangrove.
You destroy the shambling mangrove!
Agitated ravens fly out from beneath the shambling mangrove's foliage!
The grasping roots settle back into the ground.
You have reached level 11!
You impale the spriggan berserker!!
The spriggan berserker is moderately wounded.
The spriggan berserker hits you with a war axe!!
You die...

▓..[}}) ▓..)[)}|.
▓..|}:[}..▓...."...
▓.........▓.......†
▓.....b...▓........
▓.........▓........
▓.........▓††......
▓iikb.....▓..†.....
▓h▓i.b.b▓.▓..†.....
▓b@Yh.....▓▓▓▓▓▓▓▓▓
▓▓▓▓▓▓▓▓▓▓▓


You could see a wind drake, a spriggan berserker (berserk), 2 polar bears, a
spriggan druid, a yak and 3 ravens.

Vanquished Creatures
  A pandemonium lord (D)
  A spriggan defender (D)
  A spriggan berserker (D)
  A shambling mangrove (D)
  A smoke demon (D)
  2 fire drakes (D)
  2 small abominations (D)
  A yak (D)
  4 steam dragons (D)
  2 hell hounds (D)
  2 porcupines (D)
  3 swamp drakes (D)
  3 orc warriors (D)
  2 crimson imps (D)
  3 jellies (D)
  An iguana (D)
  3 quasits (D)
  4 orc priests (D)
  An iron imp (D)
  5 orc wizards (D)
  An adder (D)
  3 river rats (D)
  2 shadow imps (D)
  A white imp (D)
  A giant eyeball (D)
  An ufetubus (D)
  3 orcs (D)
  A jackal (D)
  A ball python (D)
57 creatures vanquished.

Notes
Turn   | Place    | Note
--------------------------------------------------------------
     0 | D        | alasdair19, the Minotaur Fighter, began the quest for the Orb.
     0 | D        | Reached XP level 1. HP: 19/19 MP: 1/1
     0 | D        | Found a corrupted altar of Lugonu.
     0 | D        | Found a basalt altar of Yredelemnul.
     0 | D        | Found an iron altar of Okawaru.
     0 | D        | Found a burning altar of Makhleb.
     0 | D        | Found a radiant altar of Vehumet.
     1 | D        | Found a viscous altar of Jiyva.
     1 | D        | Found a white marble altar of Elyvilon.
     3 | D        | Found a sparkling altar of Nemelex Xobeh.
     3 | D        | Found a deep blue altar of Sif Muna.
     7 | D        | Found a bloodstained altar of Trog.
     7 | D        | Found a shimmering altar of Xom.
   141 | D        | Entered arena 1.
   145 | D        | Reached skill level 4 in Fighting
   145 | D        | Reached XP level 2. HP: 24/28 MP: 1/1
   154 | D        | Got the +8 hunting sling of Fundamental Breach {velocity, rC+ Dex+3}
   167 | D        | Entered arena 2.
   167 | D        | Noticed a porcupine
   170 | D        | Killed a porcupine
   170 | D        | Reached skill level 6 in Fighting
   170 | D        | Reached skill level 7 in Armour
   170 | D        | Reached XP level 3. HP: 30/38 MP: 2/2
   170 | D        | Reached XP level 4. HP: 35/45 MP: 2/2
   184 | D        | Got the ring of Irisch {+Fly MP-9 Int+7 Dex+9}
   187 | D        | Entered arena 3.
   187 | D        | Noticed a jelly
   187 | D        | Noticed a jelly
   187 | D        | Noticed a jelly
   191 | D        | Killed a jelly
   191 | D        | Reached skill level 8 in Armour
   191 | D        | Reached XP level 5. HP: 37/52 MP: 0/2
   193 | D        | Killed a jelly
   193 | D        | Paralysed by a giant eyeball for 3 turns
   197 | D        | Killed a jelly
   197 | D        | Reached skill level 9 in Armour
   311 | D        | Entered arena 4.
   311 | D        | Noticed a crimson imp
   311 | D        | Noticed a hell hound
   311 | D        | Noticed a quasit
   311 | D        | Noticed a hell hound
   318 | D        | Killed a hell hound
   318 | D        | Reached skill level 10 in Shields
   318 | D        | Reached XP level 6. HP: 50/63 MP: 0/3
   320 | D        | Killed a hell hound
   320 | D        | Reached skill level 5 in Polearms
   320 | D        | Reached skill level 10 in Armour
   329 | D        | Killed a quasit
   337 | D        | Killed a crimson imp
   337 | D        | Reached skill level 11 in Shields
   407 | D        | Entered arena 5.
   407 | D        | Noticed a porcupine
   407 | D        | Noticed a yak
   407 | D        | Noticed an iguana
   418 | D        | Killed an iguana
   418 | D        | Reached XP level 7. HP: 65/71 MP: 0/3
   427 | D        | Killed a porcupine
   427 | D        | Reached skill level 10 in Fighting
   433 | D        | Killed a yak
   433 | D        | Reached skill level 12 in Shields
   473 | D        | Got the ring "Ozeupsicia" {Ice -Tele Dex+4}
   482 | D        | Entered arena 6.
   482 | D        | Noticed a small abomination
   482 | D        | Noticed a crimson imp
   482 | D        | Noticed a quasit
   482 | D        | Noticed a small abomination
   493 | D        | Killed a small abomination
   493 | D        | Reached skill level 13 in Shields
   498 | D        | Killed a small abomination
   498 | D        | Reached XP level 8. HP: 72/80 MP: 0/3
   505 | D        | Killed a quasit
   510 | D        | Killed a crimson imp
   556 | D        | Entered arena 7.
   556 | D        | Noticed a smoke demon
   556 | D        | Noticed a quasit
   556 | D        | Noticed an iron imp
   556 | D        | Noticed Shidusa the pandemonium lord
   574 | D        | Killed Shidusa the pandemonium lord
   574 | D        | Reached skill level 10 in Polearms
   574 | D        | Reached skill level 18 in Shields
   574 | D        | Reached skill level 1 in Evocations
   574 | D        | Reached XP level 9. HP: 73/89 MP: 0/5
   579 | D        | Killed a quasit
   583 | D        | Killed a smoke demon
   583 | D        | Reached XP level 10. HP: 81/96 MP: 0/6
   584 | D        | Killed an iron imp
   584 | D        | Reached skill level 19 in Shields
   746 | D        | Entered arena 8.
   746 | D        | Noticed an orc wizard
   746 | D        | Noticed an orc warrior
   746 | D        | Noticed an orc warrior
   746 | D        | Noticed an orc priest
   746 | D        | Noticed an orc wizard
   751 | D        | Killed an orc wizard
   757 | D        | Killed an orc priest
   758 | D        | Killed an orc warrior
   762 | D        | Killed an orc wizard
   769 | D        | Killed an orc warrior
   780 | D        | Got the ring "Zaedos" {Str+7 Slay-3 SInv}
   856 | D        | Entered arena 9.
   856 | D        | Noticed an orc priest
   856 | D        | Noticed an orc priest
   856 | D        | Noticed an orc warrior
   856 | D        | Noticed an orc wizard
   856 | D        | Noticed an orc wizard
   856 | D        | Noticed an orc priest
   856 | D        | Noticed an orc wizard
   857 | D        | Killed an orc wizard
   857 | D        | Killed an orc priest
   860 | D        | Killed an orc wizard
   864 | D        | Killed an orc warrior
   865 | D        | Killed an orc priest
   867 | D        | Killed an orc wizard
   869 | D        | Killed an orc priest
   917 | D        | Entered arena 10.
   917 | D        | Noticed a fire drake
   917 | D        | Noticed a steam dragon
   917 | D        | Noticed a swamp drake
   917 | D        | Noticed a swamp drake
   917 | D        | Noticed a steam dragon
   917 | D        | Noticed a swamp drake
   917 | D        | Noticed a steam dragon
   917 | D        | Noticed a fire drake
   917 | D        | Noticed a steam dragon
   923 | D        | Killed a fire drake
   926 | D        | Killed a steam dragon
   927 | D        | Killed a swamp drake
   929 | D        | Killed a swamp drake
   932 | D        | Killed a steam dragon
   932 | D        | Reached skill level 20 in Shields
   935 | D        | Killed a steam dragon
   940 | D        | Killed a fire drake
   945 | D        | Killed a steam dragon
   947 | D        | Got the ring of Abbic {rF+ Str+4 Int+3}
   949 | D        | Killed a swamp drake
  1078 | D        | Entered arena 11.
  1078 | D        | Noticed a spriggan berserker
  1078 | D        | Noticed a yak
  1078 | D        | Noticed a wind drake
  1078 | D        | Noticed a spriggan druid
  1078 | D        | Noticed a spriggan defender
  1078 | D        | Noticed a shambling mangrove
  1079 | D        | Noticed a spriggan druid
  1079 | D        | Noticed a spriggan berserker
  1088 | D        | Noticed a death yak
  1104 | D        | Killed a spriggan defender
  1104 | D        | Reached skill level 21 in Shields
  1111 | D        | Killed a spriggan berserker
  1125 | D        | Killed a shambling mangrove
  1125 | D        | Reached XP level 11. HP: 20/105 MP: 0/8
  1126 | D        | Mangled by a spriggan berserker

Action                   |  1- 3 |  4- 6 |  7- 9 | 10-12 || total
-------------------------+-------+-------+-------+-------++-------
Melee: Lance             |     8 |    44 |    62 |    90 ||   204
 Abil: Evoke Berserk Rag |       |       |     1 |     2 ||     3
Evoke: Wand              |       |       |       |     1 ||     1
       Disc of storms    |       |       |       |     1 ||     1
  Use: Scroll            |       |       |       |     4 ||     4
  Eat: Meat ration       |       |       |       |     1 ||     1
       Fruit             |       |       |       |     1 ||     1
